 Dungeon Crawl Stone Soup version 0.23.2-40-g277498a001 (webtiles) character file.

Game seed: 13514590003124658969

393 Iskender the Ducker (level 6, 0/42 HPs)
             Began as an Octopode Chaos Knight on Oct 21, 2019.
             Was a Plaything of Xom.
             Succumbed to a worker ant's poison
             ... on level 4 of the Dungeon.
             The game lasted 00:17:18 (3270 turns).

Iskender the Ducker (Octopode Chaos Knight)         Turns: 3270, Time: 00:17:18

Health: 0/42       AC:  1    Str: 11    XL:     6   Next: 81%
Magic:  8/9        EV: 15    Int: 16    God:    Xom [......]
Gold:   383        SH:  0    Dex: 14    Spells: 6/9 levels left

rFire    + + .     SeeInvis .   a - +2 dagger (vamp)
rCold    . . .     Gourm    .   (no shield)
rNeg     . . .     Faith    +   (helmet restricted)
rPois    .         Spirit   .   l - amulet of faith
rElec    +         Reflect  .   x - ring of stealth
rCorr    .         Harm     .   (no ring)
MR       .....                  (no ring)
Stlth    ++++++....             (no ring)
HPRegen  0.14/turn              (no ring)
MPRegen  0.11/turn              (no ring)
                                (no ring)
                                (no ring)

@: lethally poisoned (0 -> -29), flying
A: almost no armour, stealthy swim, amphibious, 8 rings, constrict 8, camouflage
2, agile 1, fire resistance 2, electricity resistance, wild magic 1, gelatinous
body 1, evolution 1, MP-powered wands
a: Renounce Religion


You were on level 4 of the Dungeon.
You worshipped Xom.
You were a very special plaything of Xom.
You were not hungry.

You visited 1 branch of the dungeon, and saw 4 of its levels.

You collected 383 gold pieces.

Inventory:

Hand Weapons
 a - a +2 vampiric dagger (weapon)
 g - a +0 spear of chaos
 i - a +2 short sword of flaming
 n - a +2 short sword of speed
 s - a +0 blowgun
 u - a +0 spear
 y - a +0 hunting sling
 z - a cursed -1 whip
Missiles
 d - 89 stones (quivered)
 h - 43 bolts
 r - 44 sling bullets
 t - 9 poisoned needles
Jewellery
 l - an amulet of faith (around mantle)
 x - a ring of stealth (left tentacle)
Wands
 k - a wand of clouds (5)
Scrolls
 c - a scroll of fear
 e - a scroll of blinking {unknown}
 f - a scroll of enchant armour {unknown}
 m - a scroll of identify
 p - 3 scrolls of remove curse
 q - a scroll of amnesia
 v - a scroll of teleportation
Potions
 j - a potion of degeneration {unknown}
 o - a potion of heal wounds {unknown}
 w - a potion of flight
 A - a potion of curing {unknown}
 C - a potion of agility {unknown}
 D - a potion of ambrosia {unknown}
Comestibles
 b - 8 rations


   Skills:
 - Level 3.0 Fighting
 - Level 3.0 Polearms
 - Level 4.4 Dodging
 - Level 4.1 Stealth
 + Level 2.1 Spellcasting
 + Level 2.3 Conjurations
 + Level 2.3 Air Magic


You had 6 spell levels left.
You knew the following spells:

 Your Spells              Type           Power        Failure   Level  Hunger
a - Static Discharge      Conj/Air       ##......     32%         3    ###....

Your spell library contained the following spells:

 Spells                   Type           Power        Failure   Level  Hunger
 Lightning Bolt           Conj/Air       ##........   95%         5    ######.
 Ignition                 Fire           #.........   100%        8    #######
 Shatter                  Erth           #.........   100%        9    #######
 Tornado                  Air            ##........   100%        9    #######


Dungeon Overview and Level Annotations

Branches:
Dungeon (4/15)
 Temple: D:4-7

Altars:
Gozag
Ru
Zin

Annotations:
D:4 exclusion: phantom


Innate Abilities, Weirdness & Mutations

You cannot wear most types of armour.
You are very stealthy in the water. (Stealth+)
You are amphibious.
You can wear up to eight rings at the same time.
You can use your tentacles to constrict eight enemies at once.
Your skin blends seamlessly with your surroundings (Stealth++).
Your rubbery body absorbs attacks. (AC +1, EV +1)
You are agile. (Dex +2)
Your flesh is very heat resistant. (rF++)
You are resistant to electric shocks. (rElec)
Your spells are a little harder to cast, but a little more powerful.
You evolve.
You expend magic power (3 MP) to strengthen your wands.


Message History

You constrict the worker ant, but do no damage.
You feel sick. The worker ant bites you!
* * * LOW HITPOINT WARNING * * *
You are more poisoned.
The worker ant poisons you! The worker ant bites you.
* * * LOW HITPOINT WARNING * * *
You are more poisoned.
The worker ant poisons you!
You hit the worker ant but do no damage.
The worker ant is moderately wounded.
You constrict the worker ant, but do no damage.
* * * LOW HITPOINT WARNING * * *
You feel sick. The worker ant barely misses you.
It was a potion of flight.
You feel very buoyant.
You fly up into the air.
Xom is amused.
You constrict the worker ant.
You die...
Xom titters!

.........................?.
...........................
............................
...........................o.
.............................
.............................
.............................
.................)...........
...!............@............
.................a...........
.............................
.............................
...).....[...................
...................(.........
..............)>.............
.........................%...
.............................


You could see a worker ant.

Vanquished Creatures
  An ogre (D:4)
  A bullfrog (D:4)
  A howler monkey (D:3)
  2 bullfrog skeletons (D:4)
  4 adders
  A gnoll (D:1)
  An ooze (D:2)
  4 worms
  A dart slug (D:3)
  A leopard gecko (D:2)
  An orc (D:3)
  2 giant cockroaches
  9 goblins
  5 hobgoblins
  4 jackals
  13 kobolds
  3 quokkas
  A ball python (D:2)
  8 bats
  6 frilled lizards
  29 rats
98 creatures vanquished.

Vanquished Creatures (others)
  5 toadstools (D:3)
5 creatures vanquished.

Grand Total: 103 creatures vanquished

Notes
Turn   | Place    | Note
-------+----------+-------------------------------------------
     0 | D:1      | Iskender the Octopode Chaos Knight began the quest for the
                  | Orb.
     0 | D:1      | Reached XP level 1. HP: 16/16 MP: 1/1
    44 | D:1      | Reached skill level 1 in Stealth
   324 | D:1      | Reached XP level 2. HP: 21/21 MP: 2/2
   496 | D:1      | XOM: silly message
   538 | D:1      | XOM: god gift: wand of clouds (5)
   589 | D:1      | XOM: 9-stop teleportation journey
   639 | D:1      | XOM: give mutations
   639 | D:1      | Gained mutation: You are agile. (Dex +2) [Xom's grace]
   639 | D:1      | Gained mutation: Your flesh is heat resistant. (rF+) [Xom's
                  | grace]
   670 | D:1      | XOM: confuse monster(s)
   671 | D:1      | Reached XP level 3. HP: 6/26 MP: 3/3
   821 | D:1      | XOM: summons 1 hostile shadow creature
  1086 | D:2      | XOM: medium Conj miscast
  1129 | D:2      | XOM: god gift: 45 gold pieces
  1142 | D:2      | XOM: scenery: 2 doors open
  1455 | D:2      | Reached XP level 4. HP: 20/31 MP: 4/4
  1455 | D:2      | XOM: mild Conj miscast
  1604 | D:2      | XOM: smoke on damage
  1608 | D:2      | XOM: divination: detect creatures
  1833 | D:2      | XOM: cloud trail
  1856 | D:2      | XOM: silly message
  1959 | D:3      | Found a sacrificial altar of Ru.
  1999 | D:3      | XOM: cloud trail
  2140 | D:3      | Reached XP level 5. HP: 35/36 MP: 5/5
  2223 | D:3      | XOM: harmless Tloc miscast
  2313 | D:3      | XOM: god gift: book of the Tempests
  2358 | D:3      | Learned a level 3 spell: Static Discharge
  2471 | D:3      | XOM: cloud trail
  2552 | D:3      | XOM: give mutations
  2552 | D:3      | Gained mutation: You are resistant to electric shocks.
                  | (rElec) [Xom's grace]
  2552 | D:3      | Gained mutation: You expend magic power (3 MP) to
                  | strengthen your wands. [Xom's grace]
  2552 | D:3      | Gained mutation: You evolve. [Xom's grace]
  2605 | D:3      | Found a glowing silver altar of Zin.
  2606 | D:3      | Found an opulent altar of Gozag.
  2776 | D:4      | Reached skill level 1 in Spellcasting
  2776 | D:4      | Reached skill level 1 in Conjurations
  2776 | D:4      | Reached skill level 1 in Air Magic
  2788 | D:3      | XOM: give mutations
  2788 | D:3      | Gained mutation: Your flesh is very heat resistant. (rF++)
                  | [Xom's mischief]
  2788 | D:3      | Gained mutation: Your skin blends seamlessly with your
                  | surroundings (Stealth++). [Xom's mischief]
  2799 | D:3      | XOM: give mutations
  2799 | D:3      | Gained mutation: Your spells are a little harder to cast,
                  | but a little more powerful. [Xom's mischief]
  2866 | D:3      | XOM: harmless Pois miscast
  3011 | D:4      | Reached XP level 6. HP: 36/42 MP: 6/8
  3128 | D:4      | Noticed a phantom
  3269 | D:4      | HP: 2/42 [poisoned by a worker ant]
  3270 | D:4      | Succumbed to a worker ant's poison

Skill      XL: |  1  2  3  4  5  6 |
---------------+-------------------+-----
Stealth        | 2 3 4 |  4.1
Dodging        | 3 4 |  4.4
Spellcasting   | 1 2 |  2.1
Conjurations   | 1 2 |  2.3
Air Magic      | 1 2 |  2.3
Fighting       | |  3.0
Polearms       | |  3.0

Action                   |  1- 3 |  4- 6 || total
-------------------------+-------+-------++-------
Melee: Spear             |    21 |       ||    21
       Tentacles         |    17 |    23 ||    40
       Constrict         |    20 |    29 ||    49
       Dagger            |    80 |   105 ||   185
  Use: Scroll            |       |     4 ||     4
       Potion            |       |     1 ||     1
 Stab: Sleeping          |    10 |    12 ||    22
       Confused          |     1 |       ||     1
       Distracted        |     1 |       ||     1
  Eat: Ration            |     1 |       ||     1
       Chunk             |     3 |     6 ||     9
Armor: Skin              |    15 |     3 ||    18
Dodge: Dodged            |    47 |    63 ||   110
